 Dungeon Crawl Stone Soup version 0.28-a0-991-g956f0ee3d5 (webtiles) character file.

Game seed: 17309832447653068386

1724 oldriver the Thaumaturge (level 8, -2/59 HPs)
             Began as a Grey Draconian Conjurer on Dec 4, 2021.
             Was a Follower of Vehumet.
             Slain by a hornet (9 damage)
             ... while paralysed by a hornet
             ... on level 7 of the Dungeon.
             The game lasted 00:10:37 (7969 turns).

oldriver the Thaumaturge (Grey Draconian Conjurer)  Turns: 7969, Time: 00:10:38

Health: -2/59      AC: 16    Str: 10      XL:     8   Next: 75%
Magic:  2/21       EV:  2    Int: 20 (21) God:    Vehumet [*.....]
Gold:   532        SH:  0    Dex:  9      Spells: 12/26 levels left

rFire   . . .      SeeInvis .   t - +1 falchion (vamp)
rCold   . . .      Faith    .   (no shield)
rNeg    . . .      Spirit   .   (armour unavailable)
rPois   .          Reflect  .   (helmet restricted)
rElec   .          Harm     .   e - +0 cloak
rCorr   .          Rampage  .   (no gloves)
Will    .....      NoTele   +   (no boots)
Stlth   ++........              (no amulet)
HPRegen 0.19/turn               f - +4 ring of protection
MPRegen 0.17/turn               (no ring)

@: paralysed, lethally poisoned (-2 -> -11), immobile, very slightly
contaminated, slowed
A: AC +11, amphibious, unfitting armour, cold-blooded
a: Renounce Religion


You were on level 7 of the Dungeon.
You worshipped Vehumet.
Vehumet was aware of your devotion.
You visited 2 branches of the dungeon, and saw 8 of its levels.
You also visited: Ossuary.

You collected 532 gold pieces.

Inventory:

Hand Weapons
 t - a +1 vampiric falchion (weapon)
 v - a +1 spear of venom
Armour
 e - a +0 cloak (worn)
Magical Staves
 r - a staff of earth
Jewellery
 f - a +4 ring of protection (left hand)
 p - a ring of see invisible
Wands
 j - a wand of digging (5)
Scrolls
 b - 4 scrolls of identify
 c - 4 scrolls of teleportation
 g - 3 scrolls of amnesia
 m - a scroll of brand weapon
Potions
 a - a potion of resistance {unknown}
 d - 3 potions of degeneration
 h - 4 potions of brilliance {unknown}
 i - 4 potions of curing {unknown}
 k - a potion of heal wounds {unknown}
 l - a potion of haste {unknown}
 n - a potion of experience {unknown}
 o - 2 potions of magic {unknown}
 q - a potion of lignification {unknown}
 u - a potion of attraction {unknown}


   Skills:
 + Level 1.5 Fighting
 - Level 0.1 Long Blades
 + Level 2.5 Dodging
 + Level 2.3 Stealth
 - Level 0.5 Unarmed Combat
 * Level 9.5 Spellcasting
 + Level 5.4 Conjurations


You had 12 spell levels left.
You knew the following spells:

 Your Spells              Type           Power      Damage    Failure   Level
a - Magic Dart            Conj           100%       1d8       1%          1
b - Searing Ray           Conj           62%        2d6       1%          2
c - Iskenderun's Mystic   Conj/Tloc      20%        2d6       24%         4
d - Fulminant Prism       Conj/Hex       10%        3d9       24%         4
e - Dazzling Flash        Conj/Hex       40%        N/A       7%          3

Your spell library contained the following spells:

 Spells                   Type           Power      Damage    Failure   Level
 Shock                    Conj/Air       80%        1d8       2%          1
 Gell's Gravitas          Tloc           9%         N/A       22%         3
 Lesser Beckoning         Tloc           9%         N/A       22%         3
 Teleport Other           Tloc           9%         N/A       22%         3


Dungeon Overview and Level Annotations

Branches:
Dungeon (7/15)             Temple (1/1) D:5         Ossuary (visited)

Altars:
Fedhas
Kikubaaqudgha
Makhleb
Nemelex Xobeh
Okawaru
Sif Muna
Vehumet
Wu Jian
The Shining One

Shops:
D:3 (

Annotations:
D:3 3 runed translucent doors, aaaaab's ghost, amateur MiBe
D:6 1 transporter


Innate Abilities, Weirdness & Mutations

Your dull iron-grey scales are very hard. (AC +11)
You are amphibious.
You cannot fit into any form of body armour.
You are cold-blooded and may be slowed by cold attacks.


Message History

Confirm with . or Enter, or press ? or * to list all spells.
Aiming: Searing Ray (safe; 1% risk of failure)
Press: ? - help, Shift-Dir - straight line, f/p - hornet
Aim: a hornet (lightly wounded, 69% to hit)
The searing ray hits the hornet.
The hornet is moderately wounded. (Press . to maintain the ray.) Unknown command.
The searing ray hits the hornet!
The hornet is heavily wounded.
The searing ray hits the hornet.
The hornet is heavily wounded.
The hornet stings you.
You are poisoned.
You feel yourself slow down.
The searing ray hits the hornet but does no damage.
The hornet is heavily wounded.
You finish channelling your searing ray.
You feel yourself speed up.
You feel very sick. The hornet stings you!
You feel yourself slow down. The hornet closely misses you.
The hornet barely misses you.
Casting: Searing Ray (safe; 1% risk of failure)
Confirm with . or Enter, or press ? or * to list all spells.
The spell is quite dangerous to miscast (24% risk of failure)!
Continue anyway?
You miscast Iskenderun's Mystic Blast.
You are very lightly contaminated with residual magic.
Space bends around you.
You are magically locked in place.
You feel sick. The hornet stings you.
You are more poisoned.
You suddenly lose the ability to move!
The hornet stings you!
You feel as though you will be slow longer.
You feel very sick. The hornet stings you!
You feel as though you will be slow longer.
You feel sick. The hornet stings you!
* * * LOW HITPOINT WARNING * * *
You feel as though you will be slow longer.
The hornet stings you!
You die...

##.......
#..$..$..
#........
#........
#........
#........
#........
#@y.....<
###......
.....
#... ##


You could see a hornet.

Vanquished Creatures
  3 black bears
  2 ogres
  A gnoll sergeant (D:5)
  2 scorpions
  A wyvern zombie (D:5)
  6 killer bees (D:6)
  A howler monkey (D:7)
  A bullfrog zombie (D:6)
  2 centaur zombies (D:6)
  3 hounds
  2 centaur skeletons (D:4)
  Natasha (D:4)
  3 iguanas (D:6)
  8 mummies (Ossuary)
  2 howler monkey skeletons (D:4)
  11 gnolls (D:5)
  7 adders
  A white imp (D:7)
  An adder skeleton (D:5)
  2 worms
  2 dart slugs
  14 orcs
  5 ball pythons
  5 bats
  9 endoplasms
  4 giant cockroaches
  10 goblins
  3 hobgoblins
  3 jackals (D:3)
  A quokka (D:4)
  4 frilled lizards
  4 hobgoblin zombies (Ossuary)
  9 kobolds
  A kobold zombie (Ossuary)
  3 orc zombies (Ossuary)
  4 rats
141 creatures vanquished.

Notes
Turn   | Place    | Note
-------+----------+-------------------------------------------
     0 | D:1      | oldriver the Draconian Conjurer began the quest for the
                  | Orb.
     0 | D:1      | Reached XP level 1. HP: 14/14 MP: 3/3
   121 | D:1      | Found a faded altar of an unknown god.
   314 | D:1      | Reached XP level 2. HP: 20/20 MP: 2/5
   599 | D:1      | Reached skill level 3 in Spellcasting
   783 | D:1      | Reached XP level 3. HP: 26/26 MP: 2/7
  1685 | D:1      | Learned a level 2 spell: Searing Ray
  2483 | D:3      | Found a runed translucent gate.
  2483 | D:3      | Found a runed translucent gate.
  2483 | D:3      | Found a runed translucent gate.
  2484 | D:3      | Noticed aaaaab's ghost (amateur MiBe)
  2593 | D:3      | Found Fisunuc's Antique Weapon Shoppe.
  2943 | D:4      | Reached skill level 4 in Spellcasting
  2943 | D:4      | Reached XP level 4. HP: 26/33 MP: 1/10
  3549 | D:4      | Found a blossoming altar of Fedhas.
  3558 | D:4      | Reached XP level 5. HP: 38/38 MP: 3/12
  3876 | D:4      | Reached skill level 5 in Spellcasting
  3958 | D:4      | Noticed Natasha
  3965 | D:4      | Killed Natasha
  4186 | D:5      | Entered Level 5 of the Dungeon
  4195 | D:5      | Found a staircase to the Ecumenical Temple.
  4207 | Temple   | Entered the Ecumenical Temple
  4265 | Temple   | Became a worshipper of Vehumet
  4298 | D:5      | Reached XP level 6. HP: 46/46 MP: 6/14
  4359 | D:5      | Learned a level 4 spell: Iskenderun's Mystic Blast
  4364 | D:5      | Learned a level 4 spell: Fulminant Prism
  4368 | D:5      | Learned a level 3 spell: Dazzling Flash
  4432 | D:5      | Reached skill level 1 in Fighting
  4432 | D:5      | Reached skill level 6 in Spellcasting
  4736 | D:5      | Your scales start taking on a dull iron-grey colour.
  4736 | D:5      | Reached XP level 7. HP: 52/52 MP: 4/17
  4774 | D:5      | Reached skill level 7 in Spellcasting
  6218 | D:6      | Reached skill level 8 in Spellcasting
  6228 | D:6      | Reached XP level 8. HP: 38/59 MP: 8/20
  6386 | D:6      | Found a sand-covered staircase.
  6439 | Ossuary  | Entered an ossuary
  6512 | Ossuary  | Reached * piety under Vehumet
  6512 | Ossuary  | Offered knowledge of Shock by Vehumet.
  7062 | D:6      | Reached skill level 9 in Spellcasting
  7148 | D:6      | Reached skill level 5 in Conjurations
  7777 | D:6      | Found a sparkling altar of Nemelex Xobeh.
  7777 | D:6      | Found a transporter.
  7777 | D:6      | Noticed a troll
  7778 | D:6      | Noticed a four-headed hydra
  7960 | D:7      | Noticed a hornet
  7967 | D:7      | Paralysed by a hornet for 3 turns
  7969 | D:7      | Slain by a hornet

Illustrated notes

Levels and vault maps discovered:
D:1:      dpeg_arrival_rooms_a, layout_rooms, shapermc_ecumenical_altar_petra
D:2:      layout_basic, minmay_heptomino_h4
D:3:      layout_basic, gammafunk_ghost_split, serial_shops,
          nicolae_shop_statue_plus
D:4:      minmay_octagon_keep, layout_loops_corners,
          mainiacjoe_overflow_cross_hatched, uniq_natasha
D:5:      layout_loops_corners, minmay_temple_entry_trees
D:6:      layout_basic, grunt_nemelex_the_gamble, enter_ossuary_5,
          serial_park_tiny_2, minmay_diced_spiral
D:7:      layout_cave_pods, grunt_dithmenos_shadows
Temple:   mainiacjoe_temple_coin_purse

Skill      XL: |  1  2  3  4  5  6  7  8 |
---------------+-------------------------+-----
Spellcasting   | 3 4 5 6 8 9 |  9.5
Fighting       | 1 |  1.5
Stealth        | 2 |  2.3
Dodging        | 2 |  2.5
Conjurations   | 5 |  5.4
Long Blades    | |  0.1
Unarmed Combat | |  0.5

Action                   |  1- 3 |  4- 6 |  7- 9 || total
-------------------------+-------+-------+-------++-------
Melee: Unarmed           |     2 |       |       ||     2
       Falchion          |       |     2 |     6 ||     8
 Cast: Magic Dart        |   124 |    64 |   116 ||   304
       Searing Ray       |       |    10 |    41 ||    51
  Use: Scroll            |       |       |    12 ||    12
       Potion            |       |       |     1 ||     1
Armor: Skin              |     4 |     7 |    47 ||    58
Dodge: Dodged            |    14 |    18 |    44 ||    76

Table legend: (Time is in decaauts)
 A = Elapsed time spent in this place.
 B = Non-inter-level travel time spent in this place.
 C = Inter-level travel time spent in this place.
 D = Time resting spent in this place.
 E = Time spent auto-exploring this place.
 F = Levels seen in this place.
 G = Mean time per level.
                   A        B        C        D        E       F      G
               +--------+--------+--------+--------+--------+-----+--------+
         Total |   7971 |   7753 |    218 |   1423 |   5340 |   9 |  885.7 |
       Dungeon |   7307 |   7098 |    209 |   1256 |   4985 |   7 | 1043.9 |
        Temple |     67 |     58 |      9 |      0 |     47 |   1 |   67.0 |
       Ossuary |    595 |    595 |      0 |    167 |    308 |   1 |  595.0 |
               +--------+--------+--------+--------+--------+-----+--------+

Top non-repeatable levels by time:
     D:5: 1729 daAuts
     D:4: 1404 daAuts
     D:6: 1365 daAuts
     D:1: 1030 daAuts
     D:3: 924 daAuts
     D:2: 825 daAuts
 Ossuary: 595 daAuts
  Temple: 67 daAuts
     D:7: 27 daAuts
